 Dungeon Crawl Stone Soup version 0.26.1-2-gb8aa6d0cf2 (webtiles) character file.

Game seed: 3547090348801623907

38239 ubername the Basher (level 13, -43/169 HPs)
             Began as a Demonspawn Berserker on Mar 17, 2021.
             Was a High Priest of Trog.
             Killed from afar by a nagaraja (48 damage)
             ... with a poison arrow
             ... on level 1 of the Snake Pit.
             The game lasted 00:42:50 (21673 turns).

ubername the Basher (Demonspawn Berserker)         Turns: 21673, Time: 00:42:52

Health: -43/169    AC: 19    Str: 24    XL:     13   Next: 62%
Magic:  0/7        EV: 15    Int: 14    God:    Trog [*****.]
Gold:   631        SH:  0    Dex: 18    Spells: 12/12 levels left

rFire    . . .     SeeInvis .   f - +0 great mace (antimagic)
rCold    + . .     Faith    .   (shield currently unavailable)
rNeg     + . .     Spirit   +   i - +4 scale mail {rC+}
rPois    x         Reflect  .   (helmet restricted)
rElec    .         Harm     .   e - +0 cloak
rCorr    .         Rampage  .   x - +0 pair of gloves "Cixeal" {Str+6}
Will     .....                  K - +0 pair of boots
Stlth    ..........             (no amulet)
HPRegen  0.38/turn              D - ring of magical power
MPRegen  0.10/turn              h - +6 ring of intelligence

@: berserking, lethally poisoned (-43 -> -111), about to teleport, poison
vulnerable, very quick
A: fangs 1, horns 2, molten scales 2, negative energy resistance 1, robust 1,
spiny 1, magic shield
a: Renounce Religion, Berserk, Trog's Hand, Brothers in Arms


You were on level 1 of the Snake Pit.
You worshipped Trog.
Trog was extremely pleased with you.
You visited 3 branches of the dungeon, and saw 15 of its levels.
You also visited: Sewer.

You collected 631 gold pieces.

Inventory:

Hand Weapons
 f - a +0 antimagic great mace (weapon)
 l - a +0 dagger of flaming
 E - a +1 morningstar of protection
Missiles
 j - 60 poisoned darts
 I - 3 curare-tipped darts (quivered)
Armour
 e - a +0 cloak (worn)
 i - a +4 scale mail of cold resistance (worn)
 x - the +0 pair of gloves "Cixeal" (worn) {Str+6}
   (You found it on level 6 of the Dungeon)

   It affects your strength (+6).
 K - a +0 pair of boots (worn)
 L - a +0 kite shield
Jewellery
 h - a +6 ring of intelligence (right hand)
 o - an uncursed ring of protection from cold {unknown}
 A - an uncursed amulet of guardian spirit
 D - a ring of magical power (left hand)
 G - an uncursed amulet of inaccuracy
Wands
 b - a wand of iceblast (8)
 n - a wand of enslavement (7)
 u - a wand of random effects (25)
Scrolls
 c - 13 scrolls of identify
 s - 3 scrolls of magic mapping
 v - 5 scrolls of enchant armour
 y - 2 scrolls of teleportation
 B - 3 scrolls of remove curse
 F - a scroll of fog
Potions
 d - 2 potions of curing
 k - 4 potions of flight
 m - a potion of magic
 p - 2 potions of degeneration {unknown}
 q - a potion of heal wounds
 w - 4 potions of mutation
 z - 2 potions of might
 C - a potion of berserk rage
 M - a potion of resistance {unknown}
Miscellaneous
 a - a condenser vane
 g - a tin of tremorstones (2/2)


   Skills:
 + Level 10.2 Fighting
 + Level 13.4 Maces & Flails
 + Level 3.9 Throwing
 + Level 8.8 Armour
 + Level 6.9 Dodging
 + Level 5.3 Stealth
 + Level 4.7 Shields
 * Level 6.5 Evocations


You had 12 spell levels left.
You didn't know any spells.
Your spell library contained the following spells:

 Spells                   Type           Power        Failure   Level
 Irradiate                Conj/Tmut      0%           100%        5
 Hydra Form               Tmut           0%           100%        6
 Statue Form              Tmut/Erth      0%           100%        6
 Dragon Form              Tmut           0%           100%        7


Dungeon Overview and Level Annotations

Branches:
Dungeon (10/15)            Temple (0/1) D:5            Lair (3/6) D:10
 Shoals (0/4) Lair:3        Snake (2/4) Lair:3        Sewer (visited)
    Orc: D:9-12

Altars:
Cheibriados
Dithmenos
Elyvilon
Kikubaaqudgha
Okawaru
Qazlal
Uskayaw
Xom
Yredelemnul
Zin

Shops:
D:8 [

Annotations:
Lair:1 exclusion: oklob plant


Innate Abilities, Weirdness & Mutations

You have a pair of horns on your head.
You are mostly covered in molten scales. (AC +3)
You resist negative energy. (rN+)
You are partially covered in sharp spines.
When hurt, damage is shared between your health and your magic reserves.
You have very sharp teeth.
You are robust. (+10% HP)


Message History

You feel strangely unstable.
The black mamba is struck by your spines.
The black mamba bites you but does no damage.
You closely miss the nagaraja.
The nagaraja is severely wounded.
* * * LOW HITPOINT WARNING * * *
You feel very sick.
The black mamba is struck by your spines.
You kill the black mamba!
Trog accepts your kill. The nagaraja spits poison at you.
The splash of poison misses you.
You barely miss the nagaraja.
The nagaraja is severely wounded.
* * * LOW HITPOINT WARNING * * *
You feel sick.
The nagaraja points at you and mumbles some strange words.
The poison arrow hits you!!!
You are more poisoned.
You die...

####............####...........
##...............# #####.......
#................# ##......
##................# ##......
#......)..........########.......
.......###.......................
......## #.......................
....######....#####..............
...## ##....###.@N###............
..## ##....##.......##.....(.....
..####....##....⌠....##..........
....#....##...#####...######.....
........##...## ##...####......
........#...#########...##.......
......###...###...###...###......
..........................'..^...
......#⌠.....⌠.....⌠.....⌠#......


You could see a nagaraja (fast, catching breath).

Vanquished Creatures
  2 hydras
  3 naga warriors (Snake:1)
  Erica (D:8)
  4 anacondas
  2 two-headed ogres (D:10)
  Urug (Lair:2)
  2 shock serpents (Snake:1)
  4 naga sharpshooters (Snake:1)
  Nergalle (D:10)
  Sonja (D:10)
  A salamander mystic (Snake:1)
  An unseen horror (D:8)
  A naga ritualist (Snake:1)
  A deep elf archer (D:8)
  Pikel (D:7)
  A lindwurm (Lair:2)
  4 mana vipers (Snake:1)
  A salamander (Snake:1)
  2 elephants (Lair:3)
  Maurice (D:8)
  5 naga magi (Snake:1)
  A guardian serpent (Snake:1)
  18 black mambas
  A cane toad (Lair:3)
  2 komodo dragons
  4 blink frogs (Lair:3)
  A wyvern (D:9)
  21 yaks
  Sigmund (D:6)
  Edmund (D:6)
  10 nagas
  8 water moccasins
  Duvessa (D:7)
  An orc warrior (D:10)
  An eye of draining (D:10)
  4 ice beasts
  3 sky beasts
  3 black bears
  3 phantoms
  4 ogres
  4 centaurs
  A lemure (D:7)
  2 big kobolds
  11 bullfrogs
  3 scorpions
  Dowan (D:7)
  A howler monkey (D:9)
  6 wights
  A quasit (D:10)
  A bullfrog skeleton (D:3)
  A bullfrog zombie (D:8)
  4 hounds
  An orc priest (D:3)
  3 jellies
  3 orc wizards
  Crazy Yiuf (D:6)
  A centaur skeleton (D:8)
  Jessica (D:3)
  3 iguanas
  8 worker ants
  A hound skeleton (D:4)
  A worker ant zombie (D:10)
  2 howler monkey skeletons
  5 gnolls
  11 adders
  7 river rats (Sewer)
  A shadow imp (D:5)
  3 white imps
  2 ufetubi
  3 oozes
  An adder zombie (D:6)
  7 worms
  3 dart slugs
  10 leopard geckos
  19 orcs
  7 bats
  7 giant cockroaches
  4 goblins
  9 hobgoblins
  18 jackals
  A quokka (D:4)
  2 ball pythons (Sewer)
  14 frilled lizards
  18 kobolds
  A quokka zombie (D:9)
  20 rats
  A butterfly (Lair:1)
363 creatures vanquished.

Vanquished Creatures (others)
  A bullfrog (Lair:3)
  14 fungi
  32 plants
  5 toadstools (D:1)
52 creatures vanquished.

Grand Total: 415 creatures vanquished

Notes
Turn   | Place    | Note
-------+----------+-------------------------------------------
     0 | D:1      | ubername the Demonspawn Berserker began the quest for the
                  | Orb.
     0 | D:1      | Reached XP level 1. HP: 18/18 MP: 1/1
   223 | D:1      | Reached skill level 3 in Maces & Flails
   223 | D:1      | Gained mutation: You are partially covered in sharp spines.
                  | [demonic ancestry]
   223 | D:1      | Reached XP level 2. HP: 10/24 MP: 2/2
   771 | D:1      | Reached XP level 3. HP: 14/29 MP: 3/3
  1737 | D:1      | You fall into a shaft and drop 1 floor!
  1744 | D:2      | Reached ** piety under Trog
  2205 | D:2      | Gained mutation: You have a pair of small horns on your
                  | head. [demonic ancestry]
  2205 | D:2      | Reached XP level 4. HP: 35/36 MP: 4/4
  2481 | D:2      | Found a white marble altar of Elyvilon.
  3132 | D:3      | Reached skill level 4 in Maces & Flails
  3133 | D:3      | Reached skill level 1 in Throwing
  3602 | D:3      | Noticed Jessica
  3609 | D:3      | Killed Jessica
  3610 | D:3      | Reached XP level 5. HP: 42/42 MP: 5/5
  4208 | D:3      | Reached *** piety under Trog
  4372 | D:3      | Gained mutation: When hurt, damage is shared between your
                  | health and your magic reserves. [demonic ancestry]
  4372 | D:3      | Reached XP level 6. HP: 48/48 MP: 6/6
  4621 | D:3      | Found an iron altar of Okawaru.
  5017 | D:4      | Reached skill level 1 in Stealth
  5442 | D:4      | Found an ancient bone altar of Kikubaaqudgha.
  5445 | D:4      | Found a hide-covered altar of Uskayaw.
  5455 | D:4      | Reached skill level 5 in Maces & Flails
  5613 | D:4      | Gained mutation: You are partially covered in molten
                  | scales. (AC +2) [demonic ancestry]
  5613 | D:4      | Reached XP level 7. HP: 54/54 MP: 7/7
  5695 | D:4      | Found a glowing silver altar of Zin.
  6199 | D:5      | Entered Level 5 of the Dungeon
  6242 | D:5      | Found a snail-covered altar of Cheibriados.
  6899 | D:5      | Found a staircase to the Ecumenical Temple.
  7223 | D:5      | Found a basalt altar of Yredelemnul.
  7332 | D:6      | Noticed Sigmund
  7374 | D:6      | Reached skill level 6 in Maces & Flails
  7390 | D:6      | Killed Sigmund
  7391 | D:6      | Reached skill level 5 in Fighting
  7391 | D:6      | Reached XP level 8. HP: 47/62 MP: 5/8
  7491 | D:6      | Reached **** piety under Trog
  7538 | D:6      | Found a stormy altar of Qazlal.
  7589 | D:6      | Noticed Edmund
  7609 | D:6      | Killed Edmund
  7625 | D:6      | Reached skill level 7 in Maces & Flails
  7701 | D:6      | Found a runed translucent door.
  7702 | D:6      | Noticed Crazy Yiuf
  7708 | D:6      | Killed Crazy Yiuf
  7815 | D:6      | Got a pair of steaming gloves
  7817 | D:6      | Identified the cursed +0 pair of gloves "Cixeal" {Str+6}
                  | (You found it on level 6 of the Dungeon)
  8005 | D:6      | Found a glowing drain.
  8015 | Sewer    | Entered a sewer
  8615 | D:7      | Found a shadowy altar of Dithmenos.
  8638 | D:7      | Reached ***** piety under Trog
  8707 | D:7      | Noticed Dowan
  8707 | D:7      | Noticed Duvessa
  8720 | D:7      | Killed Dowan
  8734 | D:7      | Killed Duvessa
  8735 | D:7      | Reached XP level 9. HP: 56/69 MP: 7/9
  8801 | D:7      | Found an iron altar of Okawaru.
  9127 | D:7      | Noticed Pikel
  9136 | D:7      | Killed Pikel
  9137 | D:7      | Reached skill level 8 in Maces & Flails
  9314 | D:8      | Found a shimmering altar of Xom.
  9334 | D:8      | Found Lirghaxt's Antique Armour Shoppe.
  9360 | D:8      | Noticed Erica
  9372 | D:8      | Killed Erica
  9373 | D:8      | Reached skill level 9 in Maces & Flails
  9373 | D:8      | Reached skill level 5 in Armour
  9410 | D:8      | Gained mutation: You have very sharp teeth. [potion of
                  | mutation]
  9410 | D:8      | Gained mutation: You are robust. (+10% HP) [potion of
                  | mutation]
  9410 | D:8      | Gained mutation: You tend to lose your temper in combat.
                  | [potion of mutation]
  9410 | D:8      | Lost mutation: You tend to lose your temper in combat.
                  | [potion of mutation]
  9578 | D:8      | Killed an unseen horror
  9579 | D:8      | Gained mutation: You are mostly covered in molten scales.
                  | (AC +3) [demonic ancestry]
  9579 | D:8      | Reached XP level 10. HP: 57/84 MP: 6/10
  9913 | D:8      | Noticed Maurice
  9938 | D:8      | Killed Maurice
 10515 | D:8      | Noticed a deep elf archer
 10523 | D:8      | Killed a deep elf archer
 11630 | D:10     | Entered Level 10 of the Dungeon
 11668 | D:10     | Reached skill level 10 in Maces & Flails
 11696 | D:10     | Received a gift from Trog
 11814 | D:10     | Reached skill level 5 in Dodging
 12032 | D:10     | Noticed a two-headed ogre
 12042 | D:10     | Killed a two-headed ogre
 12043 | D:10     | Reached XP level 11. HP: 94/94 MP: 11/11
 12126 | D:10     | Noticed Nergalle
 12142 | D:10     | Noticed a two-headed ogre
 12143 | D:10     | Killed Nergalle
 12153 | D:10     | Killed a two-headed ogre
 12154 | D:10     | Reached skill level 1 in Shields
 12439 | D:10     | Reached skill level 11 in Maces & Flails
 12821 | D:10     | Found a staircase to the Lair.
 12905 | D:10     | Noticed Sonja
 12923 | D:10     | Killed Sonja
 13220 | Lair:1   | Entered Level 1 of the Lair of Beasts
 13638 | Lair:1   | Noticed a seven-headed hydra
 13670 | Lair:1   | Killed a seven-headed hydra
 13671 | Lair:1   | Reached skill level 5 in Stealth
 14154 | Lair:1   | Noticed an oklob plant
 15755 | Lair:2   | Noticed Urug
 15784 | Lair:2   | Killed Urug
 15785 | Lair:2   | Gained mutation: You have a pair of horns on your head.
                  | [demonic ancestry]
 15785 | Lair:2   | Reached XP level 12. HP: 104/104 MP: 12/12
 15888 | Lair:2   | Reached skill level 1 in Evocations
 16094 | Lair:2   | Found the +0 pair of fencer's gloves {Riposte Dex+3}
 16469 | Lair:3   | Noticed a five-headed hydra
 16564 | Lair:3   | Killed a five-headed hydra
 16567 | Lair:3   | Found a staircase to the Shoals.
 16570 | Lair:3   | Reached skill level 12 in Maces & Flails
 16712 | Lair:3   | Found a staircase to the Snake Pit.
 17002 | Snake:1  | Entered Level 1 of the Snake Pit
 17277 | Snake:1  | Noticed a naga warrior
 17298 | Snake:1  | Killed a naga warrior
 17692 | Snake:1  | Noticed a naga warrior
 17700 | Snake:1  | Received a gift from Trog
 17714 | Snake:1  | Killed a naga warrior
 17781 | Snake:1  | Noticed a naga warrior
 17801 | Snake:1  | Killed a naga warrior
 18321 | Snake:1  | Gained mutation: You resist negative energy. (rN+) [demonic
                  | ancestry]
 18321 | Snake:1  | Reached XP level 13. HP: 68/113 MP: 1/13
 18414 | Snake:1  | Reached skill level 5 in Evocations
 19377 | Snake:1  | Reached skill level 10 in Fighting
 19706 | Snake:1  | Reached skill level 13 in Maces & Flails
 20451 | Snake:1  | HP: 5/113 [poisoned by a black mamba]
 20456 | Snake:1  | HP: 4/113 [poisoned by a black mamba]
 20461 | Snake:1  | HP: 4/113 [poisoned by a black mamba]
 20469 | Snake:1  | HP: 4/113 [poisoned by a black mamba]
 21661 | Snake:2  | Noticed a nagaraja
 21672 | Snake:1  | HP: 7/169 [poisoned by a black mamba]
 21673 | Snake:1  | Killed from afar by a nagaraja

Illustrated notes

Levels and vault maps discovered:
D:1:      ldierk_walled_garden, layout_basic, skrybe_limestone_x,
          minmay_door_square
D:2:      layout_basic, marbit_many_paths, hangedman_glass_teeth,
          kennysheep_generic_room_3
D:3:      layout_basic, general_overflow_altar, uniq_jessica
D:4:      layout_cave_pools, gammafunk_temple_overflow_forgotten,
          wad_woods_river_04
D:5:      layout_gridville, lemuel_crystal_altar, minmay_temple_entry_waves,
          nrook_uturn, kennysheep_slug_shrine
D:6:      layout_cave_pools, portal_sewer_entry_d, basic_altar, uniq_edmund,
          uniq_crazy_yiuf_cottage, uniq_sigmund
D:7:      layout_basic, kennysheep_mini_moat, okawaru_trees_2, uniq_duvessa,
          uniq_pikel
D:8:      layout_loops_corners, basic_altar, serial_shops, shop,
          kennysheep_just_a_vault, uniq_erica, uniq_maurice
D:9:      layout_stronghold, kennysheep_generic_room_14
D:10:     layout_gridville, grunt_lair_entry_orc_guard_hut, uniq_sonja,
          uniq_nergalle
Lair:1:   layout_loops_ring, minmay_lair_oklob_bushes, lemuel_fruit_fields
Lair:2:   layout_chaotic_city, minmay_lindwurm_lava, uniq_urug
Lair:3:   layout_cave_pods, minmay_shoals_entry_centaurs,
          guppyfry_snake_entry_garden, grunt_forest_large_clearings,
          serial_bayou_shore_a, grunt_megastairs_4
Snake:1:  layout_onion, grunt_ministairs_5, grunt_megastairs_5
Snake:2:  layout_onion_interference

Skill      XL: |  1  2  3  4  5  6  7  8  9 10 11 12 13 |
---------------+----------------------------------------+-----
Maces & Flails | 3 4 5 6 7 9 10 11 12 13 | 13.4
Dodging        | 2 3 4 5 6 |  6.9
Throwing       | 1 2 3 |  3.9
Armour         | 2 3 5 6 7 8 |  8.8
Fighting       | 4 5 6 8 9 10 | 10.2
Stealth        | 1 2 3 4 5 |  5.3
Shields        | 2 4 |  4.7
Evocations     | 4 6 |  6.5

Action                   |  1- 3 |  4- 6 |  7- 9 | 10-12 | 13-15 || total
-------------------------+-------+-------+-------+-------+-------++-------
Melee: Mace              |    46 |       |       |       |       ||    46
       Flail             |    38 |   102 |   155 |       |       ||   295
       Headbutt          |       |    15 |    74 |   123 |    22 ||   234
       Dire flail        |       |       |   151 |    59 |       ||   210
       Morningstar       |       |       |       |   358 |       ||   358
       Bite              |       |       |       |    58 |    22 ||    80
       Great mace        |       |       |       |    19 |   105 ||   124
Throw: Dart              |    22 |    44 |     4 |    22 |       ||    92
Invok: Berserk           |       |     2 |     3 |    11 |     6 ||    22
Evoke: Wand              |       |       |       |     3 |       ||     3
  Use: Potion            |       |     5 |     8 |     4 |     4 ||    21
       Scroll            |       |     4 |     7 |     6 |       ||    17
 Stab: Sleeping          |       |     3 |     4 |     7 |       ||    14
       Distracted        |       |       |       |     3 |       ||     3
Armor: Animal skin       |    17 |     2 |       |       |       ||    19
       Leather armour    |       |     7 |    13 |       |       ||    20
       Ring mail         |       |       |    82 |    73 |       ||   155
       Scale mail        |       |       |       |   101 |    70 ||   171
Dodge: Dodged            |    51 |    39 |   121 |   233 |   107 ||   551
Block: Buckler           |       |       |     8 |    37 |       ||    45
       Kite shield       |       |       |       |    96 |       ||    96
